cohdb
Replays
Latest Replays
All Replays
Popular Replays
Top Player Replays
Match Explorer
How It Works
Community
CoH3 Stats
Reddit
Sign in to upload your games and track your stats! →
Sign in with Steam
Match 42892570
Unlisted
Match 42892570
Overview
Messages
Build Orders
End
Pioneer Squad
Construct Infanterie Kompanie
MG 42 Machine Gun Team
Selects Italian Coastal Battlegroup
Selects Coastal Reserves
Grenadier Squad
Grenadier Squad
Infanterie Officer Quarters
Grenadier Squad
Selects Artillery Officer
Construct Panzergrenadier Kompanie
Pak 40 Anti-tank Gun Team
Panzergrenadier Squad
Construct Panzer Kompanie
Medical Bunker
Selects Obice da 210/22 Artillery Emplacement
Panzer IV Medium Tank
Selects Support Bunkers
Selects Rapid Fortifications
Panzer IV Medium Tank
Serinia
Agua de Jamaica
0
0
Comments
sign in to comment!
No comments posted yet!